 Dungeon Crawl Stone Soup version 0.30.0-10-gfe55d96785 (webtiles) character file.

Game seed: 10097376644637586481

39 Sobieck the Shooter (level 3, -7/27 HPs)
             Began as a Mummy Hunter on May 14, 2023.
             Mangled by an ogre
             ... wielding a +0 giant spiked club
              (12 damage)
             ... on level 2 of the Dungeon.
             The game lasted 00:02:34 (1767 turns).

Sobieck the Shooter (Mummy Hunter)                  Turns: 1767, Time: 00:02:34

Health: -7/27      AC:  6    Str: 14    XL:     3   Next: 28%
Magic:  3/3        EV: 11    Int:  8    God:
Gold:   89         SH:  0    Dex: 17    Spells: 2/2 levels left

rFire   . . .        a - +0 shortbow {bow}
rCold   . . .        (shield currently unavailable)
rNeg    + + +        c - +0 leather armour
rPois   ∞            d - +0 helmet
rElec   .            r - +0 cloak
rCorr   .            h - +0 pair of gloves
SInv    .            (no boots)
Will    .....        (no amulet)
Stlth   ++           t - ring of fire
HPRegen 0.24/turn    (no ring)
MPRegen 0.08/turn

%: faith
@: no status effects
A: cold resistance 1, negative energy resistance 3, torment resistance 2, heat
vulnerability 1, in touch with death 1, no potions, faith
a: no special abilities


You were on level 2 of the Dungeon.
You visited 1 branch of the dungeon, and saw 2 of its levels.

You collected 89 gold pieces.


Innate Abilities, Weirdness & Mutations

You are immune to poison.
Your flesh is cold resistant. (rC+)
You are immune to negative energy. (rN+++)
You are immune to unholy pain and torment.
You are vulnerable to heat. (rF-)
You are in touch with the powers of death.
You do not drink.
You have a special connection with the divine. (Faith)


   Skills:
 - Level 2.0 Fighting
 + Level 4.2 Ranged Weapons
 - Level 1.5 Dodging
 - Level 0.7 Stealth


You had 2 spell levels left.
You didn't know any spells.
Your spell library contained the following spells:

 Spells                   Type           Power      Damage    Failure   Level
 Vhi's Electric Charge    Tloc/Air       0%         N/A       86%         3
 Arcjolt                  Conj/Air       0%         1d10      100%        5
 Maxwell's Capacitive Co  Air            0%         ∞         100%        8

Inventory:

Hand Weapons
 a - a +0 shortbow (weapon) {bow}
 l - a +0 dagger of draining {short}
   (You took it off a goblin on level 1 of the Dungeon)
Missiles
 f - 6 stones {throwing}
 n - 4 boomerangs {throwing}
Armour
 c - a +0 leather armour (worn)
 d - a +0 helmet (worn)
   (You found it on level 1 of the Dungeon)
 h - a +0 pair of gloves (worn)
   (You found it on level 1 of the Dungeon)
 j - a +0 leather armour
   (You found it on level 1 of the Dungeon)
 k - a +0 leather armour
   (You found it on level 1 of the Dungeon)
 q - a +0 robe
   (You found it on level 2 of the Dungeon)
 r - a +0 cloak (worn)
   (You found it on level 2 of the Dungeon)
 u - a +0 ring mail
   (You found it on level 2 of the Dungeon)
Jewellery
 t - a ring of fire (left hand)
   (You found it on level 2 of the Dungeon)
Wands
 s - a wand of acid (9)
   (You found it on level 2 of the Dungeon)
Scrolls
 b - a scroll of immolation {!r!r}
 e - a scroll of teleportation {unknown}
 g - a scroll of magic mapping {unknown}
 i - 6 scrolls of identify {unknown}
 m - a scroll of amnesia {unknown}
 o - 4 scrolls of butterflies {unknown}
 p - a scroll of poison {unknown}
 v - a scroll of fear {unknown}

Dungeon Overview and Level Annotations

Branches:
Dungeon (2/15) Zot: 10206

Altars:

#.##.#####.#.# #
#.##.......#....†...
#.##################
#..........#.......#
##########.#.# #.#
#.#.# # #.#....#
#.####.# #@####.##
#.O...... #########


You could see an ogre.


Message History

No target in view!
No target in view!
You see here a +0 pair of gloves.
You now have 62 gold pieces (gained 12).
i - 6 scrolls labelled WOORURGH WOEMIS (gained 1)
A frilled lizard comes into view.
The frilled lizard hisses angrily.
Danger!
A frilled lizard is nearby!
You shoot an arrow. The arrow hits the frilled lizard.
You kill the frilled lizard!
No target in view!
No target in view!
A ball python comes into view.
Found a stone staircase leading up.
Danger!
Found a stone staircase leading down.
You shoot an arrow. The arrow hits the ball python!
You kill the ball python!
No target in view!
No target in view!
Found an escape hatch in the floor.
Unknown command.
There is a stone staircase leading up here.
You now have 73 gold pieces (gained 11).
You now have 85 gold pieces (gained 12).
You now have 89 gold pieces (gained 4).
You see here a +0 club {mace}.
A hobgoblin comes into view.
Danger!
No reachable target in view!
A hobgoblin is nearby!
Unknown command.
Unknown command.
You see here a +0 club {mace}.
Danger!
The hobgoblin shouts!
You shoot an arrow.
The arrow hits the dart slug but does no damage.
You shoot an arrow. The arrow hits the dart slug.
You shoot an arrow. The arrow hits the dart slug.
You shoot an arrow.
The arrow hits the dart slug but does no damage.
The dart slug briefly extends its eye-stalks.
You shoot an arrow. The arrow hits the dart slug!
You kill the dart slug!
You shoot an arrow. The arrow hits the hobgoblin!
You kill the hobgoblin!
No target in view!
No target in view!
You see here a dart slug corpse.
An endoplasm comes into view.
Danger!
You shoot an arrow. The arrow hits the endoplasm!
You kill the endoplasm!
No target in view!
No target in view!
Your movement speed is average.
Your attack delay is about 1.3.
Your damage rating with your +0 shortbow {bow} is about 11 (Base 9 x 117% (Dex) x 111% (Skill)).
Unknown command.
Unknown command.
u - a +0 ring mail A ball python comes into view.
Danger!
You shoot an arrow. The arrow hits the ball python.
You kill the ball python!
No target in view!
v - a scroll labelled MOCWEI ZOGGAF A goblin comes into view.
It is wielding a +0 club.
Danger!
You shoot an arrow. The arrow hits the goblin.
You kill the goblin!
No target in view!
Danger!
An ogre is nearby!
Unknown command.
Unknown command.
Danger!
You shoot an arrow. The arrow hits the ogre.
You shoot an arrow. The arrow closely misses the ogre.
You shoot an arrow.
The arrow hits the ogre but does no damage.
Unknown command.
Fire: a) +0 shortbow {bow}
Press: ? - help, Q - select action, (/) - cycle Shift-Dir - straight line, f/p - ogre
Aim: an ogre, wielding a +0 giant spiked club (moderately wounded, 77% to hit)
You shoot an arrow.
The arrow hits the ogre but does no damage.
The ogre hits you with a +0 giant spiked club!!
Ouch! That really hurt!
* * * LOW HITPOINT WARNING * * *
Fire: a) +0 shortbow {bow}
Press: ? - help, Q - select action, (/) - cycle Shift-Dir - straight line, f/p - ogre
Aim: an ogre, wielding a +0 giant spiked club (moderately wounded, 77% to hit)
Okay, then.
Unknown command.
Okay, then.
Unknown command.
The ogre hits you with a +0 giant spiked club!
You die...

Skill      XL: |  1  2 |
---------------+-------+-----
Ranged Weapons | 4 |  4.2
Fighting       | |  2.0
Dodging        | |  1.5
Stealth        | |  0.7

Action                     || total
---------------------------++-------
   Fire: Shortbow          ||    75
 Armour: Leather armour    ||     8
  Dodge: Dodged            ||    16

Levels and vault maps discovered:
D:1:      amcnicky_arrival_abandoned_market, layout_loops_corners
D:2:      layout_loops_ring, serial_co_window_serial, co_window_paths_b,
          co_window_of_opportunity_a, co_window_paths_a,
          co_window_of_opportunity_a, co_window_paths_a, co_window_corner_a,
          co_window_2corner, co_window_cross_2, co_window_broadway_a,
          co_window_of_opportunity_b, co_window_4corner_b, co_window_paths_d,
          glass_columns_c, glass_columns_a, glass_columns_a, glass_columns_b

Notes
Turn   | Place    | Note
-------+----------+-------------------------------------------
     0 | D:1      | Sobieck the Mummy Hunter began the quest for the Orb.
     0 | D:1      | Reached XP level 1. HP: 16/16 MP: 1/1
   334 | D:1      | Reached XP level 2. HP: 22/22 MP: 2/2
  1006 | D:2      | Reached skill level 4 in Ranged Weapons
  1059 | D:2      | You add the spells Vhi's Electric Charge, Arcjolt and
                  | Maxwell's Capacitive Coupling to your library.
  1140 | D:2      | Gained mutation: You are in touch with the powers of death.
                  | [Mummy growth]
  1140 | D:2      | Reached XP level 3. HP: 27/27 MP: 3/3
  1712 | D:2      | Noticed an ogre
  1766 | D:2      | HP: 5/27 [ogre/+0 giant spiked club (22)]
  1767 | D:2      | Mangled by an ogre

Vanquished Creatures
  3 dart slugs
  4 endoplasms
  4 goblins
  3 hobgoblins
  4 jackals
  3 quokkas
  4 ball pythons
  4 frilled lizards
  A kobold (D:1)
30 creatures vanquished.

Table legend:
 A = Non-vault XP
 B = Vault XP
 C = Vault XP percentage of total XP
 D = Non-vault monster count
 E = Vault monster count
 F = Vault count percentage of total count
                 A         B        C        D         E       F
            +---------+---------+-------+---------+---------+-------
      Total |      57 |       0 |   0.0 |      30 |       0 |   0.0
            +---------+---------+-------+---------+---------+-------
        D:1 |      29 |       0 |   0.0 |      16 |       0 |   0.0
        D:2 |      28 |       0 |   0.0 |      14 |       0 |   0.0
            +---------+---------+-------+---------+---------+-------

Skill      XL: |  1  2 |
---------------+-------+-----
Ranged Weapons | 4 |  4.2
Fighting       | |  2.0
Dodging        | |  1.5
Stealth        | |  0.7

Action                     || total
---------------------------++-------
   Fire: Shortbow          ||    75
 Armour: Leather armour    ||     8
  Dodge: Dodged            ||    16

Illustrated notes

Table legend:
 A = Kills in this place as a percentage of kills in the entire game.
 B = Kills by you in this place as a percentage of kills by you in the entire game.
 C = Kills by friends in this place as a percentage of kills by friends in the entire game.
 D = Other kills in this place as a percentage of other kills in the entire game.
 E = Experience gained in this place as a percentage of experience gained in the entire game.
 F = Experience gained in this place divided by the number of levels of this place that you have seen.
                   A       B       C       D       E      F
               +-------+-------+-------+-------+-------+----------------------
         Total | 100.0 | 100.0 |   N/A |   N/A | 100.0 |  28.5
       Dungeon | 100.0 | 100.0 |   N/A |   N/A | 100.0 |  28.5
               +-------+-------+-------+-------+-------+----------------------

Table legend: (Time is in decaauts)
 A = Elapsed time spent in this place.
 B = Non-inter-level travel time spent in this place.
 C = Inter-level travel time spent in this place.
 D = Time resting spent in this place.
 E = Time spent auto-exploring this place.
 F = Levels seen in this place.
 G = Mean time per level.
                   A        B        C        D        E       F      G
               +--------+--------+--------+--------+--------+-----+--------+
         Total |   1792 |   1739 |     53 |      0 |   1534 |   2 |  896.0 |
       Dungeon |   1792 |   1739 |     53 |      0 |   1534 |   2 |  896.0 |
               +--------+--------+--------+--------+--------+-----+--------+

Top non-repeatable levels by time:
     D:1: 985 daAuts
     D:2: 806 daAuts
